 Dungeon Crawl Stone Soup version 0.20.1-1-g8b1a95d (webtiles) character file.

11392 Jazqa the Archer (level 11, -1/101 HPs)
             Began as a Centaur Hunter on Oct 30, 2017.
             Was a High Priest of Okawaru.
             Slain by Snorg (2 damage)
             ... on level 3 of the Lair of Beasts.
             The game lasted 00:20:39 (11980 turns).

Jazqa the Archer (Centaur Hunter)                  Turns: 11980, Time: 00:20:40

Health: -1/101     AC: 17    Str: 21    XL:     11   Next: 48%
Magic:  17/17      EV: 20    Int: 10    God:    Okawaru [*****.]
Gold:   533        SH:  0    Dex: 17    Spells: 10/10 levels left

rFire    . . .     SeeInvis .   a - +2 shortbow
rCold    . . .     Gourm    .   (shield currently unavailable)
rNeg     + . .     Faith    .   F - +3 leather armour
rPois    +         Spirit   .   (no helmet)
rElec    .         Reflect  .   (no cloak)
rCorr    .         Harm     .   H - +1 pair of gloves
MR       .....                  y - +2 centaur barding
Stlth    ++++......             (no amulet)
Regen    0.3/turn               P - ring of poison resistance
MPRegen  0.2/turn               N - ring of positive energy

@: mighty, agile, heroism, very quick
A: hooves 3, deformed body, speed 2, tough skin 3
a: Heroism, Finesse, Renounce Religion


You were on level 3 of the Lair of Beasts.
You worshipped Okawaru.
Okawaru was extremely pleased with you.
You were not hungry.

You visited 3 branches of the dungeon, and saw 12 of its levels.
You also visited: Ossuary.

You collected 533 gold pieces.


Innate Abilities, Weirdness & Mutations

You have hooves in place of feet.
Armour fits poorly on your strangely shaped body.
You cover ground very quickly.
You have extremely tough skin. (AC +3)


   Skills:
 + Level 10.8(15.8) Fighting
 + Level 13.8(18.8) Bows
 + Level 6.1(11.1) Dodging
 - Level 0.4(5.4) Stealth
 + Level 8.3 Invocations


You had 10 spell levels left.
You didn't know any spells.

Inventory:

Hand Weapons
 a - a +2 shortbow (weapon)
 b - a +0 short sword
Missiles
 d - 75 arrows (quivered)
Armour
 y - a +2 centaur barding (worn)
 F - a +3 leather armour (worn)
 H - a +1 pair of gloves (worn)
Jewellery
 N - a ring of positive energy (right hand)
 P - a ring of poison resistance (left hand)
Wands
 c - a wand of iceblast (13/15)
 B - a wand of iceblast (9/15)
Scrolls
 e - 6 scrolls of teleportation {@r4}
 l - a scroll of blinking
 m - 2 scrolls of enchant weapon
 q - a scroll of magic mapping
 t - a scroll of amnesia
 w - 8 scrolls of remove curse {@r2}
 x - 4 scrolls of immolation {!r}
 A - a scroll of recharging
Potions
 g - 5 potions of curing {@q1}
 h - 2 potions of haste {@q3}
 i - 2 potions of cancellation
 n - 2 potions of lignification {!q}
 o - a potion of agility
 p - 2 potions of mutation {!q}
 u - 2 potions of degeneration {!q}
 D - a potion of magic {unknown}
 G - 4 potions of brilliance
 I - 2 potions of resistance {unknown}
 J - 3 potions of flight
Books
 C - a book of Air

   Spells                             Type                      Level
   a - Shock                          Conjuration/Air              1
   b - Swiftness                      Charms/Air                   2
   c - Static Discharge               Conjuration/Air              3
   d - Airstrike                      Air                          4
   e - Lightning Bolt                 Conjuration/Air              5
 K - The Foundations of Wizardry
   (You found it on level 7 of the Dungeon)

   Spells                             Type                      Level
   a - Song of Slaying                Charms                       2
   b - Swiftness                      Charms/Air                   2
   c - Ensorcelled Hibernation        Hexes/Ice                    2
   d - Call Imp                       Summoning                    2
   e - Passwall                       Transmutation/Earth          2
Comestibles
 f - 7 bread rations {@e1}
 j - 4 chunks of flesh
 k - 5 royal jellies {@e3}
 v - 7 fruits {@e2}
 z - 5 meat rations {@e1}

Dungeon Overview and Level Annotations

Branches:
Dungeon (8/15)             Temple (1/1) D:5            Lair (3/6) D:8
 Spider (0/4) Lair:2
  Swamp: Lair:2-4    Shoals: Lair:2-4

Altars:
Ashenzari
Dithmenos
Elyvilon
Fedhas
Gozag
Hepliaklqana
Kikubaaqudgha
Nemelex Xobeh
Okawaru
Qazlal
Ru
Sif Muna
Trog
Uskayaw
Vehumet
Xom
Yredelemnul
Zin
The Shining One

Annotations:
D:8 Gastronok
Lair:3 Snorg

## ## #####
.P###.##...##
...........@<#
..!........T.##
..........<...#
.............##
...(....(....#
...(....(....#
..#P.(.(....# .
##.#((....##
###......P#


You could see Snorg (berserk).


Message History

Aim: Snorg (heavily wounded, berserk, fast, unusually strong)
You shoot an arrow. The arrow hits Snorg.
Snorg is heavily wounded.
Firing (i - inventory):
d - 76 arrows (quivered)
Press: ? - help, Shift-Dir - straight line, f/p - Snorg
Aim: Snorg (heavily wounded, berserk, fast, unusually strong)
You shoot an arrow. The arrow hits Snorg.
Snorg is heavily wounded.
Snorg bites you!!
* * * LOW HITPOINT WARNING * * *
Snorg barely misses you. Snorg claws you.
* * * LOW HITPOINT WARNING * * *
Firing (i - inventory):
d - 75 arrows (quivered)
Press: ? - help, Shift-Dir - straight line, f/p - Snorg
Aim: Snorg (heavily wounded, berserk, fast, unusually strong)
Okay, then.
Snorg rages.
You feel very mighty all of a sudden. Snorg bites you.
* * * LOW HITPOINT WARNING * * *
Snorg claws you!
* * * LOW HITPOINT WARNING * * *
Snorg completely misses you.
Unknown command.
It was a potion of agility.
You feel agile all of a sudden. Snorg bites you!
* * * LOW HITPOINT WARNING * * *
Snorg closely misses you. Snorg misses you. Snorg bites you.
You die...

Skill      XL: |  1  2  3  4  5  6  7  8  9 10 11 |
---------------+----------------------------------+-----
Bows           | 6 7 10 11 12 13 | 13.8
Fighting       | 3 4 7 8 9 10 | 10.8
Invocations    | 3 5 7 8 |  8.3
Dodging        | 2 4 5 6 |  6.1
Stealth        | |  0.4

Action                   |  1- 3 |  4- 6 |  7- 9 | 10-12 || total
-------------------------+-------+-------+-------+-------++-------
Melee: Short sword       |    89 |    43 |       |       ||   132
       Kick              |    15 |     8 |       |       ||    23
 Fire: Shortbow          |    44 |   171 |   502 |   446 ||  1163
Invok: Heroism           |       |       |     5 |     6 ||    11
  Use: Potion            |       |       |     5 |     3 ||     8
       Scroll            |       |       |     5 |    15 ||    20
  Eat: Chunk             |     1 |     5 |    10 |    10 ||    26
Armor: Leather armour    |    45 |    32 |    40 |    39 ||   156
       Skin              |       |       |    10 |       ||    10
Dodge: Dodged            |    67 |    31 |    70 |    76 ||   244

Vault maps used:
D:1:      dpeg_arrival_three_same_balls
D:3:      kennysheep_nondescript, kennysheep_boxes
D:4:      first_bread
D:5:      temple_statues
D:7:      enter_ossuary_2
D:8:      lair_entry_dummy, uniq_maurice
Temple:   nicolae_temple_the_god_donut
Lair:1:   st_stairs_10, serial_bayou_lagoon_b, uniq_gastronok
Lair:2:   spider_nest_entry_web_field, uniq_nergalle
Lair:3:   uniq_snorg
Ossuary:  ossuary_tomb_2

Notes
Turn   | Place    | Note
-------+----------+-------------------------------------------
     0 | D:1      | Jazqa the Centaur Hunter began the quest for the Orb.
     0 | D:1      | Reached XP level 1. HP: 17/17 MP: 1/1
   125 | D:1      | Reached XP level 2. HP: 22/24 MP: 2/2
   350 | D:1      | Reached skill level 6 in Bows
   386 | D:1      | Reached XP level 3. HP: 18/30 MP: 3/3
   821 | D:2      | Reached skill level 3 in Fighting
  1718 | D:3      | Reached XP level 4. HP: 35/38 MP: 4/4
  2401 | D:3      | Reached skill level 7 in Bows
  2530 | D:3      | Noticed a sky beast
  2621 | D:3      | Killed a sky beast
  2621 | D:3      | Reached skill level 4 in Fighting
  2621 | D:3      | Reached XP level 5. HP: 44/47 MP: 5/5
  3071 | D:4      | Reached XP level 6. HP: 51/53 MP: 6/6
  3267 | D:4      | Reached skill level 8 in Bows
  3502 | D:5      | Entered Level 5 of the Dungeon
  3547 | D:5      | Reached skill level 5 in Fighting
  3781 | D:5      | Noticed a two-headed ogre
  3824 | D:5      | Killed a two-headed ogre
  3824 | D:5      | Reached skill level 7 in Fighting
  3824 | D:5      | Reached skill level 10 in Bows
  3824 | D:5      | Reached XP level 7. HP: 66/66 MP: 7/7
  3824 | D:5      | Reached XP level 8. HP: 73/73 MP: 8/8
  4418 | D:5      | Found a staircase to the Ecumenical Temple.
  4542 | Temple   | Entered the Ecumenical Temple
  4585 | Temple   | Became a worshipper of Warmaster Okawaru
  4811 | D:6      | Reached skill level 1 in Invocations
  4823 | D:6      | Reached skill level 2 in Dodging
  5062 | D:6      | Reached skill level 2 in Invocations
  5178 | D:6      | Reached * piety under Okawaru
  5194 | D:6      | Reached skill level 8 in Fighting
  5308 | D:6      | Reached skill level 11 in Bows
  5374 | D:5      | Reached skill level 3 in Invocations
  5374 | D:5      | Reached XP level 9. HP: 42/81 MP: 11/11
  5697 | D:6      | Reached skill level 3 in Dodging
  6386 | D:7      | Reached skill level 4 in Invocations
  6432 | D:7      | Found a sand-covered staircase.
  6437 | Ossuary  | Entered an ossuary
  7415 | D:7      | Identified The Foundations of Wizardry
  7645 | D:8      | Reached ** piety under Okawaru
  7645 | D:8      | Reached skill level 9 in Fighting
  7657 | D:8      | Reached skill level 4 in Dodging
  7657 | D:8      | Reached skill level 5 in Invocations
  7660 | D:8      | Noticed AdmiralAndromeda's ghost (novice TrBe)
  8079 | D:8      | Killed AdmiralAndromeda's ghost
  8079 | D:8      | Reached skill level 12 in Bows
  8079 | D:8      | Reached XP level 10. HP: 22/91 MP: 12/14
  8395 | D:8      | Noticed a two-headed ogre
  8443 | D:8      | Killed a two-headed ogre
  8443 | D:8      | Reached skill level 6 in Invocations
  8503 | D:8      | Reached *** piety under Okawaru
  8597 | D:8      | Found a staircase to the Lair.
  8597 | D:8      | Noticed a two-headed ogre
  8607 | D:8      | Killed a two-headed ogre
  8726 | Lair:1   | Entered Level 1 of the Lair of Beasts
  8726 | Lair:1   | Noticed Gastronok
  9151 | Lair:1   | Reached skill level 5 in Dodging
  9230 | Lair:1   | Reached **** piety under Okawaru
  9441 | Lair:1   | Noticed a spiny frog
  9473 | Lair:1   | Killed a spiny frog
  9473 | Lair:1   | Reached skill level 10 in Fighting
  9622 | Lair:1   | Received a gift from Okawaru
  9622 | Lair:1   | Reached skill level 13 in Bows
  9622 | Lair:1   | Reached skill level 7 in Invocations
  9971 | Lair:1   | Received a gift from Okawaru
 10234 | Lair:1   | Noticed a black mamba
 10273 | Lair:1   | Killed a black mamba
 10273 | Lair:1   | Reached XP level 11. HP: 27/100 MP: 14/16
 10876 | Lair:2   | Found a hole to the Spider Nest.
 10898 | Lair:2   | Received a gift from Okawaru
 11150 | Lair:2   | Noticed Nergalle
 11189 | Lair:2   | Killed Nergalle
 11380 | Lair:2   | Reached skill level 8 in Invocations
 11839 | Lair:3   | Received a gift from Okawaru
 11839 | Lair:3   | Reached skill level 6 in Dodging
 11940 | Lair:3   | Noticed Snorg
 11964 | Lair:3   | Reached ***** piety under Okawaru
 11980 | Lair:3   | HP: 1/101 [Snorg (14)]
 11980 | Lair:3   | Slain by Snorg

Vanquished Creatures
  3 two-headed ogres
  The ghost of AdmiralAndromeda the Grappler, a novice TrBe of Trog (D:8)
  Nergalle (Lair:2)
  A black mamba (Lair:1)
  4 spiny frogs
  3 komodo dragons
  3 hippogriffs
  A wyvern (Lair:1)
  8 yaks
  4 water moccasins
  3 porcupines
  2 orc warriors
  A black bear (D:6)
  2 ice beasts
  2 sky beasts
  An ogre (D:7)
  A phantom (D:6)
  4 centaurs
  7 crocodiles
  A big kobold (D:6)
  7 bullfrogs
  2 water moccasin zombies (Ossuary)
  A scorpion (D:5)
  3 electric eels (Lair:1)
  2 crimson imps
  3 hounds
  5 orc priests
  4 jellies
  6 orc wizards
  A bullfrog skeleton (D:6)
  7 worker ants
  2 big kobold zombies (Ossuary)
  A hound zombie (D:8)
  2 mummies (Ossuary)
  A worker ant zombie (D:5)
  7 adders
  4 gnolls (D:5)
  2 oozes
  4 adder zombies
  An adder skeleton (D:5)
  3 worms (D:3)
  3 dart slugs
  A leopard gecko (D:3)
  35 orcs
  5 giant cockroaches
  A gnoll zombie (Ossuary)
  8 goblins
  3 hobgoblins (D:1)
  6 jackals (D:1)
  9 kobolds
  A quokka (D:4)
  4 ball pythons
  7 bats
  5 frilled lizards
  3 hobgoblin zombies (Ossuary)
  A jackal skeleton (D:7)
  7 kobold zombies (Ossuary)
  2 leopard gecko zombies
  8 orc zombies (Ossuary)
  A quokka skeleton (D:6)
  2 rats
233 creatures vanquished.
